 Dungeon Crawl Stone Soup version 0.31-a0-1238-g0d9d05a (webtiles) character file.

Game seed: 709849411351033084

1565 Kearsarge the Spear-Bearer (level 8, -10/68 HPs)
             Began as a Merfolk Fighter on Dec 15, 2023.
             Was an Initiate of Gozag.
             Mangled by a two-headed ogre
             ... wielding a +0 giant spiked club
              (31 damage)
             ... on level 6 of the Dungeon.
             The game lasted 00:07:06 (4609 turns).

Kearsarge the Spear-Bearer (Merfolk Fighter)        Turns: 4609, Time: 00:07:06

Health: -10/68     AC:  8    Str: 22 (25) XL:     8   Next: 89%
Magic:  8/8        EV:  9    Int:  4 (7)  God:    Gozag
Gold:   238        SH:  0    Dex: 16 (19) Spells: 7/7 levels left

rFire   + . .        q - +2 halberd (heavy)
rCold   + . .        (shield currently unavailable)
rNeg    . . .        b - +0 scale mail
rPois   +            t - +0 helmet
rElec   +            (no cloak)
rCorr   +            (no gloves)
SInv    .            e - +0 pair of boots
Will    .....        (no amulet) Stlth
                     g - +6 ring of strength
HPRegen 0.31/turn    v - +6 ring of dexterity
MPRegen 0.11/turn

%: no passive effects
@: silenced, resistant
A: (nimble swimmer 2), mertail
a: Renounce Religion


You were on level 6 of the Dungeon.
You worshipped Gozag.
Gozag was aware of your devotion.
You visited 2 branches of the dungeon, and saw 7 of its levels.

You collected 505 gold pieces.
You spent 184 gold pieces at shops.
You paid 83 gold pieces to Gozag.

Inventory:

Hand Weapons
 a - a +0 trident
 q - a +2 heavy halberd (weapon)
Missiles
 d - 10 poisoned darts
Armour
 b - a +0 scale mail (worn)
 c - a +0 buckler
 e - a +0 pair of boots (worn)
 t - a +0 helmet (worn)
Jewellery
 g - a +6 ring of strength (left hand)
 v - a +6 ring of dexterity (right hand)
Wands
 r - a wand of flame (29)
Scrolls
 h - a scroll of revelation
 n - a scroll of teleportation
 u - a scroll of fear {unknown}
 w - a scroll of identify {unknown}
Potions
 i - 4 potions of mutation {unknown}
 m - a potion of brilliance {unknown}
 p - a potion of invisibility {unknown}


   Skills:
 + Level 7.6 Fighting
 * Level 11.7 Polearms
 - Level 2.1 Armour
 - Level 3.0 Shields


You had 7 spell levels left.
You didn't know any spells.
Your spell library contained the following spells:

 Spells                   Type           Power      Damage    Failure   Level
 Kiss of Death            Conj/Necr      0%         2d5       83%         1
 Confusing Touch          Hex            0%         N/A       99%         3
 Dispel Undead            Necr           0%         3d6       100%        4


Dungeon Overview and Level Annotations

Branches:
Dungeon (6/15)             Temple (1/1) D:5

Altars:
Ashenzari
Cheibriados
Dithmenos
Elyvilon
Fedhas
Gozag
Kikubaaqudgha
Makhleb
Okawaru
Qazlal
Ru
Sif Muna
Trog
Uskayaw
Vehumet
Wu Jian
Xom
Yredelemnul
The Shining One

Shops:
D:3 [(

Annotations:
Temple 2 transporters


Innate Abilities, Weirdness & Mutations

((You are very nimble when in or above water. (Stealth+, EV+, Speed+++)))
Your lower body shifts to a powerful aquatic tail in water.


Message History

HP restored.
You open the door.
There is an open door here.
Key pressed, stopping explore.
You now have 223 gold pieces (gained 7).
Found 8 gold pieces.
You now have 230 gold pieces (gained 7).
d - 10 poisoned darts (gained 7)
You see here a +0 short sword.
You now have 238 gold pieces (gained 8).
You open the door.
The two-headed ogre shouts in stereo!
Okay, then.
As you read the scroll labelled TOUJORGHELAXI, it crumbles to dust.
A profound silence engulfs you.
It was a scroll of silence.
It was a potion of resistance.
You feel protected.
It was a potion of degeneration.
There was something very wrong with that liquid.
You feel weakened.
You feel dopey.
You feel clumsy.
It was a potion of curing.
You feel better.
The two-headed ogre hits you with a +0 giant spiked club!!
The two-headed ogre hits you with a +0 giant club!
It was a potion of heal wounds.
You feel much better.
The two-headed ogre hits you with a +0 giant spiked club!
The two-headed ogre hits you with a +0 giant club!!
* * * LOW HITPOINT WARNING * * *
You feel much better.
You barely miss the two-headed ogre.
The two-headed ogre hits you with a +0 giant spiked club!!
The two-headed ogre closely misses you.
You feel much better.
The two-headed ogre hits you with a +0 giant spiked club!
The two-headed ogre hits you with a +0 giant club!!
* * * LOW HITPOINT WARNING * * *
You feel better.
You feel better.
The two-headed ogre hits you with a +0 giant spiked club!!
You die...
Your body crumbles into a pile of gold.

.....## #.# #.# ..#..#
..# #.# #...## ### #.#
###.#################.#
..#'#............#....#
....############.#>...#
.#.## #.#...## ...#
#.##.## ..## #@##.# ..#
#O##.# .## #.##.# .#
#.##.# ## #########
#.##.#
#####.......####.##.#
#...........O....##.#
..###.#####.#######.#
### #.# #.# #.#


You could see a two-headed ogre.

Vanquished Creatures
  A hornet (D:6)
  A water moccasin (D:6)
  A black bear (D:5)
  A centaur (D:5)
  2 ogres
  A phantom (D:5)
  A kobold brigand (D:6)
  A bullfrog (D:6)
  2 scorpions
  A water moccasin skeleton (D:3)
  An orc priest (D:5)
  A hound (D:4)
  A sleepcap (D:6)
  3 iguanas
  3 scorpion zombies (D:3)
  2 orc wizards
  2 hound zombies (D:3)
  A hound skeleton (D:3)
  4 adders
  5 gnolls
  A shadow imp (D:6)
  2 white imps (D:6)
  3 ufetubi (D:6)
  An adder zombie (D:3)
  An adder skeleton (D:3)
  2 dart slugs
  4 orcs
  8 endoplasms
  4 giant cockroaches
  7 hobgoblins
  7 jackals
  3 quokkas
  5 ball pythons
  2 ball python zombies (D:3)
  5 bats
  5 frilled lizards
  5 goblins
  11 kobolds
  6 rats
117 creatures vanquished.

Notes
Turn   | Place    | Note
-------+----------+-------------------------------------------
     0 | D:1      | Kearsarge the Merfolk Fighter began the quest for the Orb.
     0 | D:1      | Reached XP level 1. HP: 18/18 MP: 1/1
     2 | D:1      | Noticed a demonspawn
     2 | D:1      | Noticed a vine stalker
     4 | D:1      | Noticed an armataur
     4 | D:1      | Noticed a formicid
     6 | D:1      | Noticed an elf
     6 | D:1      | Noticed a naga
     8 | D:1      | Noticed a gargoyle
     8 | D:1      | Noticed a meteoran
    10 | D:1      | Noticed a vampire
    10 | D:1      | Noticed a merfolk
    12 | D:1      | Noticed a ghoul
    12 | D:1      | Noticed a felid
    14 | D:1      | Noticed an ogre
    16 | D:1      | Noticed a spriggan
    16 | D:1      | Noticed a human
    18 | D:1      | Noticed a draconian
    20 | D:1      | Noticed an octopode
    22 | D:1      | Noticed a minotaur
    22 | D:1      | Noticed a troll
    24 | D:1      | Noticed a tengu
    24 | D:1      | Noticed a tengu
    26 | D:1      | Noticed a felid
   167 | D:1      | Reached skill level 3 in Polearms
   201 | D:1      | Reached XP level 2. HP: 21/24 MP: 2/2
   321 | D:1      | Reached skill level 4 in Polearms
   321 | D:1      | Reached XP level 3. HP: 25/30 MP: 3/3
  1362 | D:3      | Reached XP level 4. HP: 37/37 MP: 4/4
  1369 | D:3      | Reached skill level 5 in Polearms
  1417 | D:3      | Reached XP level 5. HP: 40/43 MP: 5/5
  1430 | D:3      | Noticed a sky beast
  1482 | D:3      | Reached skill level 6 in Polearms
  1933 | D:3      | Found Qapeuppe's Antique Weapon Shoppe.
  1953 | D:3      | Found Inkusk's Armour Shoppe.
  1986 | D:3      | Reached XP level 6. HP: 40/50 MP: 6/6
  2033 | D:3      | Reached skill level 5 in Fighting
  2110 | D:3      | Reached skill level 7 in Polearms
  2833 | D:5      | Entered Level 5 of the Dungeon
  2836 | D:5      | Found a staircase to the Ecumenical Temple.
  2842 | Temple   | Found a transporter.
  2842 | Temple   | Found a transporter.
  2842 | Temple   | Found a transporter.
  2842 | Temple   | Found a transporter.
  2842 | Temple   | Entered the Ecumenical Temple
  2858 | Temple   | Became a worshipper of Gozag Ym Sagoz the Greedy
  2911 | D:5      | Noticed a black bear
  2912 | D:5      | Killed a black bear
  2913 | D:5      | Reached skill level 8 in Polearms
  2913 | D:5      | Reached XP level 7. HP: 57/57 MP: 7/7
  3005 | D:5      | Reached skill level 9 in Polearms
  3382 | D:5      | Reached XP level 8. HP: 64/65 MP: 8/8
  3566 | D:3      | Bought a brightly glowing spear for 184 gold pieces
  3566 | D:3      | Identified the +0 spear of the Known World {freeze, MP+9}
                  | (You bought it in a shop on level 3 of the Dungeon)
  3869 | D:6      | Reached skill level 10 in Polearms
  4022 | D:6      | Noticed a two-headed ogre
  4249 | D:6      | Reached skill level 11 in Polearms
  4359 | D:6      | Noticed a hornet
  4363 | D:6      | Killed a hornet
  4609 | D:6      | Mangled by a two-headed ogre

Illustrated notes

Levels and vault maps discovered:
D:1:      kb_arrival_jail, layout_basic
D:2:      layout_loops_ring, nrook_mini_backslash,
          amcnicky_mini_corridor_feature
D:3:      layout_basic, serial_shops, shop, nicolae_shop_hallway_plus,
          serial_undead, serial_undead_c, serial_undead_c, serial_undead_a,
          serial_undead_f, serial_undead_d, serial_undead_d, serial_undead_f,
          dreamdust_princess_bridge
D:4:      layout_loops_ring
D:5:      layout_gridville, minmay_temple_entry_grid
D:6:      minmay_skewed_foursquare, layout_loops_ring, minmay_increasing_density
Temple:   hellmonk_temple_divided_pantheon

Skill      XL: |  1  2  3  4  5  6  7  8 |
---------------+-------------------------+-----
Polearms       | 3 4 5 6 8 9 11 | 11.7
Fighting       | 4 5 6 7 |  7.6
Armour         | |  2.1
Shields        | |  3.0

Action                     |  1- 3 |  4- 6 |  7- 9 || total
---------------------------+-------+-------+-------++-------
  Melee: Trident           |    98 |   203 |       ||   301
         Halberd           |       |     1 |    79 ||    80
  Evoke: Wand              |       |       |    15 ||    15
    Use: Potion            |     1 |       |     8 ||     9
         Scroll            |       |     4 |     3 ||     7
   Stab: Distracted        |       |       |     1 ||     1
 Armour: Scale mail        |    52 |    97 |    82 ||   231
  Dodge: Dodged            |    30 |    51 |    49 ||   130
  Block: Buckler           |    11 |    28 |       ||    39

Table legend: (Time is in decaauts)
 A = Elapsed time spent in this place.
 B = Non-inter-level travel time spent in this place.
 C = Inter-level travel time spent in this place.
 D = Time resting spent in this place.
 E = Time spent auto-exploring this place.
 F = Levels seen in this place.
 G = Mean time per level.
                   A        B        C        D        E       F      G
               +--------+--------+--------+--------+--------+-----+--------+
         Total |   4665 |   4168 |    497 |    150 |   3154 |   7 |  666.4 |
       Dungeon |   4633 |   4159 |    474 |    150 |   3154 |   6 |  772.2 |
        Temple |     31 |      8 |     23 |      0 |      0 |   1 |   31.0 |
               +--------+--------+--------+--------+--------+-----+--------+

Top non-repeatable levels by time:
     D:4: 870 daAuts
     D:3: 857 daAuts
     D:5: 809 daAuts
     D:6: 732 daAuts
     D:2: 710 daAuts
     D:1: 653 daAuts
  Temple: 31 daAuts
